 Dungeon Crawl Stone Soup version 0.21-a0-531-gacddea6 (webtiles) character file.

10550 Amnesiac the Thrower (level 11, -5/120 HPs)
             Began as an Ogre Arcane Marksman on Dec 12, 2017.
             Was a High Priest of Okawaru.
             Slain by a catoblepas (13 damage)
             ... on level 9 of the Dungeon.
             The game lasted 00:30:06 (11682 turns).

Amnesiac the Thrower (Ogre Arcane Marksman)        Turns: 11682, Time: 00:30:07

Health: -5/120     AC:  4    Str: 17    XL:     11   Next: 63%
Magic:  17/20      EV:  1    Int: 15    God:    Okawaru [*****.]
Gold:   447        SH:  0    Dex: 10    Spells: 8/22 levels left

rFire    . . .     SeeInvis .   b - +2 spear (freeze)
rCold    . . .     Gourm    .   W - +2 large shield
rNeg     + + +     Faith    .   i - +0 robe
rPois    ∞         Spirit   .   I - +0 hat {MR+}
rElec    .         Reflect  .   N - +0 cloak {rPois}
rCorr    .         Harm     .   (gloves unavailable)
MR       ++...                  (boots unavailable)
Stlth    +.........             o - amulet of regeneration
HPRegen  0.70/turn              U - ring of wizardry
MPRegen  0.17/turn              (no ring)

@: petrified, berserk cooldown, slowed, heavily drained
A: large, unfitting armour, tough skin 1
a: Heroism, Finesse, Renounce Religion


You were on level 9 of the Dungeon.
You worshipped Okawaru.
Okawaru was extremely pleased with you.
You were very full.

You visited 2 branches of the dungeon, and saw 11 of its levels.
You also visited: Ossuary.

You collected 447 gold pieces.

Inventory:

Hand Weapons
 a - a +1 hunting sling
 b - a +2 spear of freezing (weapon)
 L - a +2 quarterstaff of chaos
Missiles
 d - 3 throwing nets (quivered)
 e - 223 stones
 A - 3 sling bullets
 H - 30 poisoned needles
Armour
 i - a +0 robe (worn)
 I - a +0 hat of magic resistance (worn)
 N - a +0 cloak of poison resistance (worn)
 W - a +2 large shield (worn)
Jewellery
 o - an amulet of regeneration (around neck)
 B - an uncursed amulet of guardian spirit
 U - a ring of wizardry (left hand)
Wands
 q - a wand of disintegration (13)
 u - a wand of enslavement (20)
 w - a wand of paralysis (25)
 Q - a wand of random effects (24)
Scrolls
 h - 3 scrolls of fog {!r}
 m - 2 scrolls of teleportation {!r}
 p - a scroll of noise {!r, unknown}
 r - a scroll of blinking {!r}
 s - 13 scrolls of remove curse {!r}
 C - 2 scrolls of enchant weapon {!r}
 F - 3 scrolls of enchant armour {!r, unknown}
 J - 3 scrolls of identify {!r}
 X - a scroll of holy word {!r, unknown}
Potions
 c - 3 potions of brilliance {!q, unknown}
 g - 3 potions of flight {!q, unknown}
 j - a potion of curing {!q}
 k - 2 potions of haste {!q, unknown}
 l - 3 potions of heal wounds {!q, unknown}
 n - a potion of ambrosia {!q, unknown}
 v - 4 potions of agility {!q, unknown}
 x - 2 potions of magic {!q}
 z - a potion of resistance {!q, unknown}
 E - 2 potions of might {!q}
 G - 2 potions of degeneration {!q, unknown}
 M - a potion of lignification {!q, unknown}
Books
 T - a book of Debilitation

   Spells                             Type                      Level
   a - Corona                         Hexes                        1
   b - Slow                           Hexes                        2
   c - Inner Flame                    Hexes/Fire                   3
   d - Portal Projectile              Hexes/Translocation          3
   e - Cause Fear                     Hexes                        4
   f - Leda's Liquefaction            Hexes/Earth                  4
Miscellaneous
 K - a phial of floods (inert)
Comestibles
 f - 6 bread rations
 t - 4 meat rations
 D - 13 fruits


   Skills:
 - Level 11.0(9.1) Fighting
 - Level 12.0(10.1) Throwing
 - Level 1.7(0.3) Dodging
 - Level 6.0(4.3) Spellcasting
 - Level 8.0(6.2) Hexes
 + Level 3.7(2.1) Invocations


You had 8 spell levels left.
You knew the following spells:

 Your Spells              Type           Power        Failure   Level  Hunger
a - Corona                Hex            ###....      14%         1    None
b - Cause Fear            Hex            ###.......   77%         4    ####...
c - Portal Projectile     Hex/Tloc       ##....       80%         3    ###....
d - Leda's Liquefaction   Hex/Erth       ##........   99%         4    ####...
e - Slow                  Hex            ###.....     21%         2    ##.....


Dungeon Overview and Level Annotations

Branches:
Dungeon (10/15)            Temple (1/1) D:7            Lair (0/6) D:9
    Orc (0/2) D:10

Altars:
Ashenzari
Cheibriados
Dithmenos
Elyvilon
Fedhas
Gozag
Hepliaklqana
Kikubaaqudgha
Makhleb
Nemelex Xobeh
Okawaru
Qazlal
Ru
Sif Muna
Trog
Uskayaw
Vehumet
Wu Jian
Xom
Yredelemnul
Zin
The Shining One


Innate Abilities, Weirdness & Mutations

You are too large for most types of armour.
You have tough skin. (AC +1)


Message History

The catoblepas breathes a plume of calcifying dust at you.
The blast of calcifying dust hits you!
You hit the catoblepas but do no damage.
The catoblepas gores you!
You hit the catoblepas but do no damage.
Really quaff
O - a potion of berserk rage {!q}?
A red film seems to cover your vision as you go berserk!
Your finesse ends abruptly.
You feel yourself moving faster!
You feel mighty! You block the catoblepas's attack.
Your shield prevents you from hitting the catoblepas.
The catoblepas gores you but does no damage.
You hit the catoblepas. You freeze the catoblepas.
The catoblepas is lightly wounded.
The catoblepas gores you!
You puncture the catoblepas! You freeze the catoblepas.
The catoblepas is lightly wounded.
You block the catoblepas's attack.
You hit the catoblepas. You freeze the catoblepas.
The catoblepas is lightly wounded.
You puncture the catoblepas! You freeze the catoblepas.
The catoblepas is moderately wounded.
The catoblepas breathes a plume of calcifying dust at you.
The blast of calcifying dust hits you! The catoblepas gores you!
You puncture the catoblepas! You freeze the catoblepas.
The catoblepas is heavily wounded.
You puncture the catoblepas! You freeze the catoblepas.
The catoblepas is severely wounded.
The catoblepas breathes a plume of calcifying dust at you.
The blast of calcifying dust hits you!
The catoblepas breathes a plume of calcifying dust at you.
The blast of calcifying dust hits you!
You hit the catoblepas but do no damage.
The catoblepas is severely wounded.
You are engulfed in calcifying dust.
You are slowing down.
You feel like a meek peon again.
The catoblepas breathes a plume of calcifying dust at you.
The blast of calcifying dust hits you!
Your limbs are stiffening.
Unknown command.
You puncture the catoblepas! You freeze the catoblepas.
The catoblepas is severely wounded.
You are engulfed in calcifying dust.
The catoblepas breathes a plume of calcifying dust at you.
The blast of calcifying dust hits you! The catoblepas gores you.
You have turned to stone.
You are engulfed in calcifying dust.
You are no longer berserk.
You feel yourself slow down. The catoblepas completely misses you.
You are engulfed in calcifying dust.
The catoblepas gores you!!
* * * LOW HITPOINT WARNING * * *
You are engulfed in calcifying dust.
The catoblepas breathes a plume of calcifying dust at you.
The blast of calcifying dust hits you!
* * * LOW HITPOINT WARNING * * *
You are engulfed in calcifying dust.
The catoblepas gores you!!
* * * LOW HITPOINT WARNING * * *
The catoblepas gores you!!
* * * LOW HITPOINT WARNING * * *
The catoblepas roars fiercely, eyes lowered.
The catoblepas gores you!!
* * * LOW HITPOINT WARNING * * *
The catoblepas gores you!!
You die...

............# ............#
##### .......<....# #...#
.......)....# #.#.########
............########.#.#......#
..#.#.).###.......##.#.#.###.##
..#.#.).#########.##.#...##..#
..#.#...'.......#.##.#.......#
....#...#..###..@.........#..#
...)...........Y.>...#.##.#..#
...(.(((((##.#.##.####.##.#..#
..###...#..#.#.........##†####
..# #...#..#...........##.# ..#
##'##..............##.#
..####'##'#............##.#
.............####.##......#
..###.............##.######


You could see a catoblepas.

Vanquished Creatures
  Gastronok (D:8)
  2 two-headed ogres (D:8)
  An ugly thing (D:9)
  A komodo dragon (D:9)
  Grinder (D:3)
  A shadow (D:9)
  2 wraiths (Ossuary)
  4 hogs (D:7)
  A human (D:7)
  Sigmund (D:3)
  5 yaks (D:9)
  Grum (D:8)
  A hungry ghost (D:9)
  A water moccasin (D:10)
  Duvessa (D:4)
  3 porcupines (D:9)
  An eye of draining (D:9)
  A sky beast (D:7)
  2 orc warriors
  2 phantoms
  5 black bears (D:9)
  3 ogres
  4 wolves (D:8)
  6 centaurs
  A crocodile (D:9)
  3 bullfrogs
  A wyvern zombie (D:9)
  A gnoll sergeant (D:7)
  3 scorpions
  Dowan (D:4)
  3 wights (Ossuary)
  A howler monkey (D:4)
  3 crimson imps
  4 jellies
  2 centaur zombies
  7 hounds
  2 bullfrog zombies
  2 bullfrog skeletons
  Ijyb (D:3)
  2 orc priests (D:6)
  2 centaur skeletons
  An orc wizard (D:3)
  Crazy Yiuf (D:5)
  Natasha (D:1)
  An iguana (D:5)
  8 worker ants
  A killer bee zombie (D:10)
  2 hound skeletons
  8 adders
  12 gnolls
  An ooze (D:1)
  5 adder zombies
  2 adder skeletons (D:4)
  A worm (D:2)
  A dart slug (D:3)
  4 leopard geckos
  10 orcs
  6 giant cockroaches
  11 goblins
  8 hobgoblins
  6 jackals
  7 quokkas
  A ball python (D:1)
  12 bats
  7 frilled lizards
  A hobgoblin zombie (Ossuary)
  2 jackal zombies (D:6)
  5 kobolds
  2 kobold zombies (Ossuary)
  3 leopard gecko skeletons
  An orc zombie (Ossuary)
  A quokka skeleton (D:6)
  A quokka zombie (D:6)
  7 rats
230 creatures vanquished.

Vanquished Creatures (others)
  29 fungi (D:9)
  9 plants (D:9)
38 creatures vanquished.

Grand Total: 268 creatures vanquished

Notes
Turn   | Place    | Note
-------+----------+-------------------------------------------
     0 | D:1      | Amnesiac the Ogre Arcane Marksman began the quest for the Orb.
     0 | D:1      | Reached XP level 1. HP: 19/19 MP: 2/2
    97 | D:1      | Reached XP level 2. HP: 9/28 MP: 2/4
   134 | D:1      | Learned a level 2 spell: Slow
   716 | D:1      | Reached XP level 3. HP: 35/35 MP: 3/5
  1572 | D:2      | Noticed Natasha
  1624 | D:1      | Killed Natasha
  1624 | D:1      | Reached skill level 3 in Throwing
  1624 | D:1      | Reached XP level 4. HP: 17/44 MP: 3/7
  2100 | D:2      | Learned a level 4 spell: Cause Fear
  2101 | D:3      | Noticed Ijyb
  2162 | D:3      | Killed Ijyb
  2200 | D:3      | Reached XP level 5. HP: 49/53 MP: 3/8
  2339 | D:3      | Noticed Grinder
  2339 | D:3      | Paralysed by Grinder for 3 turns
  2343 | D:3      | Killed Grinder
  2343 | D:3      | Reached skill level 4 in Throwing
  2343 | D:3      | Reached XP level 6. HP: 61/61 MP: 8/10
  2372 | D:3      | Noticed Sigmund
  2374 | D:3      | Killed Sigmund
  2606 | D:3      | Reached XP level 7. HP: 65/70 MP: 8/12
  2661 | D:3      | Found a basalt altar of Yredelemnul.
  2662 | D:3      | Noticed a profane servitor
  2677 | D:3      | Found a glowing golden altar of the Shining One.
  2679 | D:3      | Noticed an angel
  3231 | D:4      | Found a sand-covered staircase.
  3237 | Ossuary  | Entered an ossuary
  3296 | Ossuary  | Reached skill level 5 in Throwing
  3472 | Ossuary  | Noticed a wraith
  3472 | Ossuary  | Noticed a flying skull
  3483 | Ossuary  | Noticed a flying skull
  3504 | Ossuary  | Noticed a flying skull
  3519 | Ossuary  | Noticed a flying skull
  3543 | Ossuary  | Noticed a wraith
  3554 | Ossuary  | Killed a wraith
  3554 | Ossuary  | Reached skill level 5 in Fighting
  3618 | Ossuary  | Noticed a wraith
  3622 | Ossuary  | Killed a wraith
  3622 | Ossuary  | Reached skill level 6 in Throwing
  3622 | Ossuary  | Reached XP level 8. HP: 45/80 MP: 14/14
  3705 | D:4      | Noticed Dowan
  3709 | D:4      | Killed Dowan
  3710 | D:4      | Noticed Duvessa
  3743 | D:4      | Killed Duvessa
  4037 | D:4      | Reached skill level 5 in Spellcasting
  4118 | D:4      | Learned a level 3 spell: Portal Projectile
  4165 | D:4      | Found a blossoming altar of Fedhas.
  4264 | D:4      | Found a burning altar of Makhleb.
  4353 | D:4      | Found a shimmering altar of Xom.
  4355 | D:4      | Found an ancient bone altar of Kikubaaqudgha.
  4581 | D:5      | Entered Level 5 of the Dungeon
  4930 | D:5      | Reached skill level 5 in Hexes
  4975 | D:5      | Found a runed door.
  5380 | D:5      | Noticed Crazy Yiuf
  5387 | D:5      | Killed Crazy Yiuf
  5387 | D:5      | Reached skill level 7 in Throwing
  5703 | D:6      | Reached XP level 9. HP: 36/92 MP: 15/17
  6217 | D:6      | Found a bloodstained altar of Trog.
  6330 | D:6      | Found a shattered altar of Ashenzari.
  6806 | D:7      | Reached skill level 8 in Throwing
  6824 | D:7      | HP: 4/93 [hog (9)]
  7099 | D:7      | Found a staircase to the Ecumenical Temple.
  7205 | Temple   | Entered the Ecumenical Temple
  7212 | Temple   | Became a worshipper of Warmaster Okawaru
  7609 | D:7      | Reached * piety under Okawaru
  7609 | D:7      | Reached skill level 9 in Throwing
  7674 | D:7      | Found a burning altar of Makhleb.
  7824 | D:7      | Reached XP level 10. HP: 75/104 MP: 19/19
  8003 | D:8      | Learned a level 4 spell: Leda's Liquefaction
  8169 | D:8      | HP: 3/106 [wolf[Grum] (8)]
  8171 | D:8      | HP: 1/106 [wolf[Grum] (10)]
  8183 | D:8      | Noticed Grum
  8379 | D:8      | Killed Grum
  8851 | D:8      | Reached ** piety under Okawaru
  8914 | D:8      | Noticed Gastronok
  9056 | D:8      | Reached skill level 10 in Throwing
  9088 | D:8      | Killed Gastronok
  9088 | D:8      | Reached *** piety under Okawaru
  9088 | D:8      | Reached **** piety under Okawaru
  9146 | D:8      | Noticed a two-headed ogre
  9225 | D:8      | Killed a two-headed ogre
  9225 | D:8      | Reached skill level 10 in Fighting
  9225 | D:8      | Reached skill level 11 in Throwing
  9225 | D:8      | Reached XP level 11. HP: 69/117 MP: 15/20
  9475 | D:8      | Noticed a two-headed ogre
  9548 | D:8      | Killed a two-headed ogre
  9548 | D:8      | Reached ***** piety under Okawaru
  9548 | D:8      | Reached skill level 1 in Invocations
 10330 | D:9      | Received a gift from Okawaru
 10554 | D:9      | Found a staircase to the Lair.
 10788 | D:9      | Received a gift from Okawaru
 10792 | D:9      | Got a shimmering hand axe {god gift}
 10820 | D:9      | Noticed a brown ugly thing
 10825 | D:9      | Killed a brown ugly thing
 10825 | D:9      | Reached skill level 12 in Throwing
 10936 | D:9      | Identified the +2 hand axe of Exoneration {chop, *Drain rPois Dex+4} (Okawaru gifted it to you on level 9 of the Dungeon)
 10968 | D:10     | Entered Level 10 of the Dungeon
 11462 | D:10     | Found a staircase to the Orcish Mines.
 11480 | D:10     | Noticed a catoblepas
 11682 | D:9      | Slain by a catoblepas

Vault maps used:
D:1:      minmay_arrival_shattered_statue, serial_bayou_crossing
D:2:      hex_large, uniq_natasha
D:3:      grunt_temple_overflow_holy_war, first_bread, uniq_grinder,
          uniq_sigmund, uniq_ijyb
D:4:      fedhas_altar_fruit_tree, minitemple, nicolae_ossuary_entry_plus,
          makhleb_blood_cavern_becter, uniq_duvessa
D:5:      uniq_crazy_yiuf_cottage
D:6:      nicolae_overflow_hidden_temple, evilmike_ruin_ashenzari
D:7:      kennysheep_little_box, minmay_temple_entry_statues_pillars,
          grunt_livestock
D:8:      uniq_gastronok, uniq_grum
D:9:      minmay_blocky_corners, due_lair_maze_entry_diamond
D:10:     orc_0_dummy
Temple:   nicolae_temple_no_exploring_needed
Ossuary:  ossuary_due_cavern

Skill      XL: |  1  2  3  4  5  6  7  8  9 10 11 |
---------------+----------------------------------+-----
Fighting       | 2 3 4 5 6 8 10 11 | 11.0
Hexes          | 3 4 5 6 7 8 |  8.0
Spellcasting   | 2 3 4 5 6 |  6.0
Throwing       | 3 4 6 7 9 11 12 | 12.0
Invocations    | 3 |  3.7
Dodging        | |  1.7

Action                   |  1- 3 |  4- 6 |  7- 9 | 10-12 || total
-------------------------+-------+-------+-------+-------++-------
Melee: Unarmed           |    22 |       |       |       ||    22
       Spear             |       |       |       |    11 ||    11
       Hand axe          |       |       |       |     3 ||     3
 Fire: Hunting sling     |    76 |   107 |   423 |   454 ||  1060
Throw: Stone             |    50 |       |       |       ||    50
       Large rock        |     4 |     6 |    21 |     2 ||    33
       Javelin           |       |       |    21 |    39 ||    60
       Tomahawk          |       |       |     6 |    18 ||    24
 Cast: Corona            |    38 |    35 |    76 |    60 ||   209
       Slow              |       |     2 |    29 |    33 ||    64
       Cause Fear        |       |       |     4 |     4 ||     8
Invok: Heroism           |       |       |       |     2 ||     2
       Finesse           |       |       |       |     1 ||     1
Evoke: Wand              |       |       |    10 |       ||    10
       Phial of floods   |       |       |       |     1 ||     1
  Use: Scroll            |       |       |    12 |     5 ||    17
       Potion            |       |       |     3 |     5 ||     8
  Eat: Chunk             |     3 |     4 |    11 |    11 ||    29
       Meat ration       |       |       |     1 |       ||     1
       Fruit             |       |       |     1 |       ||     1
       Royal jelly       |       |       |       |     6 ||     6
Armor: Robe              |    32 |    17 |    60 |    40 ||   149
Dodge: Dodged            |    76 |    42 |   167 |   123 ||   408
Block: Large shield      |       |       |       |    21 ||    21

Table legend:
 A = Spawn XP
 B = Non-spawn XP
 C = Spawn XP percentage of total XP
 D = Spawn monster count
 E = Non-spawn monster count
 F = Spawn count percentage of total count
 G = Total turns spent on level
                    A         B        C        D         E        F      G
               +---------+---------+-------+---------+---------+-------+---------
         Total |       0 |   15072 |   0.0 |       0 |     230 |   0.0 | 11682
               +---------+---------+-------+---------+---------+-------+---------
           D:1 |       0 |      85 |   0.0 |       0 |      31 |   0.0 |  1430
           D:2 |       0 |      35 |   0.0 |       0 |      18 |   0.0 |   705
           D:3 |       0 |     508 |   0.0 |       0 |      21 |   0.0 |  1080
           D:4 |       0 |     667 |   0.0 |       0 |      15 |   0.0 |   903
           D:5 |       0 |     148 |   0.0 |       0 |      10 |   0.0 |   899
           D:6 |       0 |     924 |   0.0 |       0 |      34 |   0.0 |  1197
           D:7 |       0 |    1731 |   0.0 |       0 |      20 |   0.0 |  1401
           D:8 |       0 |    5626 |   0.0 |       0 |      28 |   0.0 |  1587
           D:9 |       0 |    4451 |   0.0 |       0 |      37 |   0.0 |  1440
          D:10 |       0 |     231 |   0.0 |       0 |       3 |   0.0 |   562
       Ossuary |       0 |     666 |   0.0 |       0 |      13 |   0.0 |   463
               +---------+---------+-------+---------+---------+-------+---------
